 Dungeon Crawl Stone Soup version 0.32-a0-699-g1ee5eff (webtiles) character file.

Game seed: 12870499105274063008

397 Toastz the Vexing (level 7, -3/40 HPs)
             Began as a Kobold Enchanter on Mar 13, 2024.
             Shot with an arrow by a centaur (5 damage)
             ... on level 3 of the Dungeon.
             The game lasted 00:11:11 (2677 turns).

Toastz the Vexing (Kobold Enchanter)                Turns: 2677, Time: 00:11:11

Health: -3/40      AC:  2    Str:  6    XL:     7   Next: 10%
Magic:  2/10       EV: 15    Int: 18    God:
Gold:   53         SH:  0    Dex: 15    Spells: 2/10 levels left

rFire   . . .        b - +1 short sword (venom)
rCold   . . .        (no shield)
rNeg    . . .        d - +0 robe
rPois   .            (no helmet)
rElec   .            (no cloak)
rCorr   .            (no gloves)
SInv    .            (no boots)
Will    .....        (no amulet)
Stlth   ++++         (no ring)
HPRegen 0.26/turn    (no ring)
MPRegen 0.12/turn

%: no passive effects
@: invisible
A: small, no large weapons, nightstalker 3
a: no special abilities


You were on level 3 of the Dungeon.
You visited 1 branch of the dungeon, and saw 3 of its levels.

You collected 157 gold pieces.
You spent 104 gold pieces at shops.

Inventory:

Hand Weapons
 a - a +1 dagger
 b - a +1 short sword of venom (weapon)
 g - a +0 short sword of speed
Armour
 d - a +0 robe (worn)
Wands
 h - a wand of flame (7)
 n - a wand of paralysis (10)
Scrolls
 f - 4 scrolls of enchant armour
 i - 2 scrolls of fog
 j - a scroll of teleportation {unknown}
 k - a scroll of noise {unknown}
 m - a scroll of vulnerability
 p - 2 scrolls of brand weapon
Potions
 c - a potion of invisibility
 e - a potion of resistance
 o - a potion of cancellation {unknown}


   Skills:
 + Level 2.8 Fighting
 + Level 3.7 Short Blades
 + Level 4.1 Dodging
 - Level 4.0 Stealth
 - Level 2.1 Spellcasting
 * Level 5.0 Hexes
 - Level 2.0 Ice Magic


You had 2 spell levels left.
You knew the following spells:

 Your Spells              Type           Power      Damage    Failure   Level
a - Ensorcelled Hibernat  Hex/Ice        28%        N/A       6%          2
b - Confusing Touch       Hex            20%        N/A       7%          3
c - Tukima's Dance        Hex            20%        N/A       7%          3

Your spell library contained the following spells:

 Spells                   Type           Power      Damage    Failure   Level
 Dazzling Flash           Conj/Hex       22%        N/A       19%         3


Dungeon Overview and Level Annotations

Branches:
Dungeon (3/15)

Altars:

Shops:
D:1 (*   D:2 [   D:3 (*


Innate Abilities, Weirdness & Mutations

You are small and have problems with some larger weapons.
You are completely attuned to the shadows.


Message History

Aiming: Ensorcelled Hibernation (safe; 6% risk of failure)
Press: ? - help, Shift-Dir - straight line, f - centaur
Aim: a centaur (moderately wounded, very poisoned, chance to affect: 48%)
The centaur resists with some effort.
The centaur barely misses you.
The centaur closely misses you. x2; The centaur barely misses you.
The sleepcap misses you.
Casting: Ensorcelled Hibernation (safe; 6% risk of failure)
Confirm with . or Enter, or press ? or * to list all spells.
Aiming: Ensorcelled Hibernation (safe; 6% risk of failure)
Press: ? - help, Shift-Dir - straight line, f/p - centaur
Aim: a centaur (moderately wounded, very poisoned, chance to affect: 48%)
The centaur resists with some effort.
The centaur misses you. The centaur closely misses you.
The sleepcap misses you.
Casting: Ensorcelled Hibernation (safe; 6% risk of failure)
Confirm with . or Enter, or press ? or * to list all spells.
Aiming: Ensorcelled Hibernation (safe; 6% risk of failure)
Press: ? - help, Shift-Dir - straight line, f/p - centaur
Aim: a centaur (moderately wounded, very poisoned, chance to affect: 48%)
The centaur resists with some effort.
The centaur closely misses you. The centaur misses you.
The centaur barely misses you. x2
The sleepcap closely misses you.
Casting: Ensorcelled Hibernation (safe; 6% risk of failure)
Confirm with . or Enter, or press ? or * to list all spells.
Aiming: Ensorcelled Hibernation (safe; 6% risk of failure)
Press: ? - help, Shift-Dir - straight line, f/p - centaur
Aim: a centaur (moderately wounded, poisoned, chance to affect: 48%)
The centaur resists with some effort.
The centaur hits you.
* * * LOW HITPOINT WARNING * * *
The centaur closely misses you.
The sleepcap releases spores at you but does no damage.
Okay, then.
You fade into invisibility!
The centaur misses you. The centaur kicks you.
* * * LOW HITPOINT WARNING * * *
The centaur barely misses you. The centaur misses you.
The sleepcap completely misses you.
You hear the rapid rusting of a drain nearby.
The centaur wields a +0 shortbow.
The centaur shoots an arrow.
The arrow hits you.
You die...

####........# ##.
#.....####..#####..
#.##...............
#.###############.#
#.#ß..... #.#
#.#...c. #.#
#.#...# #.# #.#.f.#
#.@..ß# #.#...#
#.#...# #.#.....
..#ß....


You could see a sleepcap (unable to see you) and a centaur (unable to see you,
poisoned).

Vanquished Creatures
  Sigmund (D:2)
  An iguana (D:3)
  An orc wizard (D:3)
  Natasha (thrice) (D:2)
  A gnoll (D:1)
  3 adders
  2 ribbon worms
  2 dart slugs (D:2)
  3 orcs (D:3)
  8 bats
  7 endoplasms
  5 giant cockroaches
  6 goblins
  5 hobgoblins
  2 jackals (D:1)
  4 quokkas
  3 ball pythons (D:1)
  A frilled lizard (D:1)
  5 kobolds
  4 rats
67 creatures vanquished.

Notes
Turn   | Place    | Note
-------+----------+-------------------------------------------
     0 | D:1      | Toastz the Kobold Enchanter began the quest for the Orb.
     0 | D:1      | Reached XP level 1. HP: 10/10 MP: 3/3
    56 | D:1      | Found Cuafyts's Antique Weapon Emporium.
   212 | D:1      | Reached XP level 2. HP: 16/16 MP: 5/5
   317 | D:1      | Learned a level 2 spell: Ensorcelled Hibernation
   361 | D:1      | Found Herphalaosk's Assorted Antiques.
   563 | D:1      | Reached skill level 1 in Fighting
   563 | D:1      | Reached XP level 3. HP: 20/20 MP: 1/6
   697 | D:1      | Learned a level 3 spell: Confusing Touch
  1118 | D:1      | Found a faded altar of an unknown god.
  1194 | D:2      | Reached XP level 4. HP: 25/25 MP: 7/7
  1302 | D:2      | Noticed Sigmund
  1314 | D:2      | Killed Sigmund
  1315 | D:2      | Reached skill level 4 in Hexes
  1315 | D:2      | Reached skill level 1 in Ice Magic
  1315 | D:2      | Reached XP level 5. HP: 22/30 MP: 8/8
  1315 | D:2      | Reached XP level 6. HP: 26/35 MP: 9/9
  1476 | D:2      | Noticed Natasha
  1485 | D:2      | Killed Natasha
  1528 | D:2      | Found Zotiduc's Antique Armour Shop.
  1604 | D:2      | Learned a level 3 spell: Tukima's Dance
  1837 | D:2      | Noticed Natasha
  1848 | D:2      | Killed Natasha
  1903 | D:2      | Noticed Natasha
  1906 | D:2      | Killed Natasha
  2340 | D:3      | Found Renun's Weapon Emporium.
  2405 | D:3      | Reached skill level 5 in Hexes
  2405 | D:3      | Reached XP level 7. HP: 40/40 MP: 10/10
  2467 | D:3      | Found Zifroani's General Store.
  2472 | D:3      | Bought a scroll of enchant armour for 82 gold pieces
  2472 | D:3      | Bought a scroll of identify for 22 gold pieces
  2675 | D:3      | HP: 1/40 [centaur (3)]
  2677 | D:3      | Shot with an arrow by a centaur

Illustrated notes

Levels and vault maps discovered:
D:1:      dpeg_arrival_boxes_within_box, layout_loops_ring,
          shapermc_ecumenical_altar_pompeii, serial_shops,
          nicolae_shop_tiny_waterfront, shop, nicolae_grassy_gnolls
D:2:      layout_loops_ring, serial_shops, shop, uniq_sigmund, uniq_natasha
D:3:      layout_loops_ring, cheibrodos_sewer_entry_bend, serial_shops, shop,
          nicolae_shop_waterfront, nicolae_nh_oracle_at_delphi

Skill      XL: |  1  2  3  4  5  6 |
---------------+-------------------+-----
Fighting       | 1 2 |  2.8
Short Blades   | 2 3 |  3.7
Dodging        | 3 4 |  4.1
Hexes          | 4 5 |  5.0
Ice Magic      | 1 2 |  2.0
Stealth        | |  4.0
Spellcasting   | |  2.1

Action                     |  1- 3 |  4- 6 |  7- 9 || total
---------------------------+-------+-------+-------++-------
  Melee: Dagger            |    44 |     1 |       ||    45
         Short sword       |    26 |    59 |     7 ||    92
   Cast: Ensorcelled Hiber |     4 |     3 |     4 ||    11
    Use: Scroll            |       |       |     4 ||     4
         Potion            |       |       |     1 ||     1
   Stab: Sleeping          |    13 |    25 |     4 ||    42
 Armour: Robe              |    25 |    22 |    12 ||    59
  Dodge: Dodged            |    41 |    29 |    24 ||    94

Table legend: (Time is in decaauts)
 A = Elapsed time spent in this place.
 B = Non-inter-level travel time spent in this place.
 C = Inter-level travel time spent in this place.
 D = Time resting spent in this place.
 E = Time spent auto-exploring this place.
 F = Levels seen in this place.
 G = Mean time per level.
                   A        B        C        D        E       F      G
               +--------+--------+--------+--------+--------+-----+--------+
         Total |   2657 |   2596 |     61 |    317 |   1650 |   3 |  885.7 |
       Dungeon |   2657 |   2596 |     61 |    317 |   1650 |   3 |  885.7 |
               +--------+--------+--------+--------+--------+-----+--------+

Top non-repeatable levels by time:
     D:1: 1145 daAuts
     D:2: 903 daAuts
     D:3: 607 daAuts
